 Dungeon Crawl Stone Soup version 0.28-a0-479-g5baa6b73be (webtiles) character file.

Game seed: 112820134747278030

2 willcat the Sneak (level 1, -4/16 HPs)
             Began as an Octopode Delver on Sept 17, 2021.
             Slain by an iguana (9 damage)
             ... on level 5 of the Dungeon.
             The game lasted 00:00:16 (120 turns).

willcat the Sneak (Octopode Delver)                  Turns: 120, Time: 00:00:16

Health: -4/16      AC:  1    Str: 11    XL:     1   Next: 40%
Magic:  1/1        EV: 13    Int: 12    God:
Gold:   37         SH:  0    Dex: 13    Spells: 0/0 levels left

rFire   . . .      SeeInvis .   a - +0 short sword
rCold   . . .      Faith    .   (no shield)
rNeg    . . .      Spirit   .   (helmet restricted)
rPois   .          Reflect  .   (no amulet)
rElec   .          Harm     .   (no ring)
rCorr   .          Rampage  .   (no ring)
Will    .....                   (no ring)
Stlth   ++++......              (no ring)
HPRegen 0.05/turn               (no ring)
MPRegen 0.07/turn               (no ring)
                                (no ring)
                                (no ring)

@: no status effects
A: almost no armour, amphibious, 8 rings, camouflage 1, gelatinous body 1,
(nimble swimmer 1), tentacles
a: no special abilities


You were on level 5 of the Dungeon.
You visited 1 branch of the dungeon, and saw 1 of its levels.

You collected 37 gold pieces.

Inventory:

Hand Weapons
 a - a +0 short sword (weapon)
Wands
 f - a wand of digging (3)
Scrolls
 b - a scroll of fog
 c - a scroll of magic mapping
 d - a scroll of fear
 g - a scroll of amnesia {unknown}
Potions
 e - a potion of haste
 h - 2 potions of flight {unknown}


   Skills:
 - Level 3.0 Fighting
 + Level 2.0 Short Blades
 + Level 2.1 Dodging
 + Level 6.6 Stealth


You couldn't memorise any spells.
You didn't know any spells.
Your spell library contained the following spells:

 Spells                   Type           Power      Damage    Failure   Level
 Apportation              Tloc           0%         N/A       32%         1
 Alistair's Intoxication  Tmut/Pois      0%         N/A       100%        5
 Invisibility             Hex            0%         N/A       100%        6


Dungeon Overview and Level Annotations

Branches:
Dungeon (5/15)
 Temple: D:4-7

Altars:


Innate Abilities, Weirdness & Mutations

You cannot wear most types of armour.
You are amphibious.
You can wear up to eight rings at the same time.
Your skin changes colour to match your surroundings (Stealth+).
Your rubbery body absorbs attacks. (AC +1, EV +1)
((You are camouflaged near water. (Stealth+)))
You have tentacles for arms and can constrict up to eight enemies at once.


Message History

You hit the jackal. You grab the jackal.
The jackal is moderately wounded.
You constrict the jackal, but do no damage.
The jackal bites you. The jackal closely misses you.
You hit the jackal.
You kill the jackal!
You see here a jackal corpse.
You now have 37 gold pieces (gained 13).
HP restored.
You open the door.
There is an open door here.
You open the large door.
There is a large open door here.
An iguana comes into view.
Found a ring mail.
Found a stone staircase leading up.
There is a large open door here.
An iguana is nearby!
An iguana is nearby!
An iguana is nearby!
You see here a +0 ring mail.
The helpless iguana fails to defend itself.
You puncture the iguana! You grab the iguana.
You squeeze the iguana, but do no damage.
The iguana is severely wounded.
You constrict the iguana, but do no damage.
The iguana bites you!
Ouch! That really hurt!
You are too injured to fight recklessly!
Unknown command.
You are too injured to fight recklessly!
Unknown command.
You are too injured to fight recklessly!
Unknown command.
You are too injured to fight recklessly!
Unknown command.
You hit the iguana but do no damage. Your squeeze misses the iguana.
The iguana is severely wounded.
You constrict the iguana. The iguana bites you!
Ouch! That really hurt!
You die...

###.....#....##########
..?.....+....+.........
#....##....###...####
+....''......'....††.
##....##....###...####
#.....####### #...#$#.
#.....# #....#$#.
#....[# #....#$#.
#....@# #....#$#.
...<..l.# #....#○#.
####....# #...##○#.
....### #...##§#.
#.#### ##.#. # ##.#.
##.#. ##.#. ##.#.


You could see an iguana.

Vanquished Creatures
  2 jackals (D:5)
2 creatures vanquished.

Notes
Turn   | Place    | Note
-------+----------+-------------------------------------------
     0 | D:5      | willcat the Octopode Delver began the quest for the Orb.
     0 | D:5      | Reached XP level 1. HP: 16/16 MP: 1/1
   113 | D:5      | Noticed an iguana
   120 | D:5      | Slain by an iguana

Illustrated notes

Levels and vault maps discovered:
D:5:      lemuel_ice_spiral_2, layout_basic, nicolae_uskayaw_en_pointe,
          minmay_temple_entry_glassed_door, gammafunk_ghost_stat_death,
          minmay_shop_mass

Action                   || total
-------------------------++-------
Melee: Short sword       ||     6
       Constrict         ||     3
       Tentacles         ||     2
 Stab: Sleeping          ||     1
Dodge: Dodged            ||     3

Table legend: (Time is in decaauts)
 A = Elapsed time spent in this place.
 B = Non-inter-level travel time spent in this place.
 C = Inter-level travel time spent in this place.
 D = Time resting spent in this place.
 E = Time spent auto-exploring this place.
 F = Levels seen in this place.
 G = Mean time per level.
                   A        B        C        D        E       F      G
               +--------+--------+--------+--------+--------+-----+--------+
         Total |    120 |    120 |      0 |      0 |     84 |   1 |  120.0 |
       Dungeon |    120 |    120 |      0 |      0 |     84 |   1 |  120.0 |
               +--------+--------+--------+--------+--------+-----+--------+

Top non-repeatable levels by time:
     D:5: 120 daAuts
